 Dungeon Crawl Stone Soup version 0.31.0-11-ge490571c62 (webtiles) character file.

Game seed: 13767562829440264846

113 puppykicker the Changeling (level 4, -12/36 HPs)
             Began as a Demigod Shapeshifter on Jan 30, 2024.
             Mangled by a gnoll
             ... wielding a +0 halberd
              (13 damage)
             ... on level 3 of the Dungeon.
             The game lasted 00:07:54 (1801 turns).

puppykicker the Changeling (Demigod Shapeshifter)   Turns: 1801, Time: 00:07:55

Health: -12/36     AC:  6    Str: 19    XL:     4   Next: 39%
Magic:  6/6        EV: 11    Int: 12    God:
Gold:   107        SH:  0    Dex: 13    Spells: 3/3 levels left

rFire   + .          .
                       - Unarmed
rCold   + . .        (no shield)
rNeg    . . .        h - +3 leather armour
rPois   .            (helmet currently unavailable)
rElec   .            (cloak currently unavailable)
rCorr   .            (gloves currently unavailable)
SInv    .            (boots currently unavailable)
Will    +....        (no amulet)
Stlth   +            I - ring of protection from cold
HPRegen 0.26/turn    F - ring of protection from fire
MPRegen 0.10/turn

%: no passive effects
@: beast-form, enlightened, flying
A: beast (slay +2), high MP 1, forlorn, divine attributes
a: Begin Untransformation


You were on level 3 of the Dungeon.
You were a hulking beast.
You visited 1 branch of the dungeon, and saw 3 of its levels.

You collected 107 gold pieces.

Inventory:

Armour
 h - a +3 leather armour (worn)
 l - the +1 robe "Sejic" {^Drain rF+ Stlth+ Archmagi}
   (You found it on level 2 of the Dungeon)

   rF+:       It protects you from fire.
   ^Drain:    It drains your maximum health when unequipped.
   Stlth+:    It makes you more stealthy.
   Archmagi:  It increases the power of your magical spells.
Jewellery
 m - a ring of fire {rF+, rC-}
 F - a ring of protection from fire (right hand)
 I - a ring of protection from cold (left hand)
Talismans
 c - a beast talisman
 d - a flux talisman
 n - a blade talisman
Scrolls
 e - a scroll of vulnerability {unknown}
 f - a scroll of enchant weapon {unknown}
 g - 3 scrolls of identify {unknown}
 i - 3 scrolls of amnesia {unknown}
 o - a scroll of fog {unknown}
Potions
 a - a potion of resistance {unknown}
 b - a potion of lignification {!q}
 j - a potion of heal wounds {unknown}


   Skills:
 - Level 2.0 Fighting
 - Level 1.7 Dodging
 + Level 3.3 Unarmed Combat
 * Level 3.9 Shapeshifting


You had 3 spell levels left.
You didn't know any spells.
Your spell library was empty.

Dungeon Overview and Level Annotations

Branches:
Dungeon (3/15)

Shops:
D:2 [


Innate Abilities, Weirdness & Mutations

You are a hulking beast.
Your limbs bulge with bestial killing power. (Slay +2)
You have an increased reservoir of magic. (+10% MP)
You shall have no god before yourself.
Your divine heritage dramatically boosts your attributes as you level up.


Message History

You hit the gnoll but do no damage.
The gnoll is severely wounded.
The gnoll closely misses you.
You barely miss the gnoll.
The gnoll is severely wounded.
The gnoll hits you with a +0 whip.
You take 3 damage, and have 19/36 hp.
You hit the gnoll.
You kill the gnoll!
You closely miss the orc. The orc hits you with a +0 whip.
* * * LOW HITPOINT WARNING * * *
The gnoll hits you but does no damage.
You take 3 damage, and have 17/36 hp.
The gnoll attacks as it pursues you! The gnoll barely misses you.
The orc attacks as it pursues you! The orc barely misses you.
The orc attacks as it pursues you! The orc closely misses you.
The orc attacks as it pursues you! The orc barely misses you.
Okay, then.
Unknown command.
The orc attacks as it pursues you! The orc barely misses you.
The gnoll attacks as it pursues you!
The gnoll hits you from afar with a +0 halberd!
* * * LOW HITPOINT WARNING * * *
You take 7 damage, and have 13/36 hp.
The orc attacks as it pursues you! The orc hits you but does no damage.
The orc attacks as it pursues you! The orc hits you with a +0 whip.
* * * LOW HITPOINT WARNING * * *
You take 2 damage, and have 11/36 hp.
The orc attacks as it pursues you! The orc hits you with a +0 whip.
* * * LOW HITPOINT WARNING * * *
The gnoll attacks as it pursues you!
The gnoll hits you from afar with a +0 halberd!
* * * LOW HITPOINT WARNING * * *
You take 11 damage, and have 1/36 hp.
MASSIVE DAMAGE!!
It was a potion of enlightenment.
You feel very buoyant.
You fly up into the air.
The orc barely misses you.
The gnoll hits you from afar with a +0 halberd!
You die...

#..........##.#######
#..#####...##.# #
#..###.....##g# .#
#..#...#.#.##.# #.####
#..#.###.#.##g########......
####..#.# #.#g#....gg)...#
#.......###.#.##########.###
#...>.......go......##!....#
#...#.########h####.##.#.#.#
#...#.##⌠#⌠#⌠#.# #.#o#.#
#....^...._....# . #g# #
#...####⌠#⌠#⌠### #. ..#
#<.....####### # #.#
#...###.# #.# #.. ##### #.#
#.######## #.# #.#
#.#......# #.# #.#......#


You could see 2 gnolls and an orc.

Levels and vault maps discovered:
D:1:      minmay_arrival_open_corners, layout_basic
D:2:      layout_rooms, serial_shops, shop, minmay_puff
D:3:      layout_basic, elyvilon_altar_1, ebering_ecumenical_altar_hall

Notes
Turn   | Place    | Note
-------+----------+-------------------------------------------
     0 | D:1      | puppykicker the Demigod Shapeshifter began the quest for
                  | the Orb.
     0 | D:1      | Reached XP level 1. HP: 15/15 MP: 3/3
    14 | D:1      | Identified a +0 dagger
    24 | D:1      | Reached skill level 1 in Fighting
    73 | D:1      | Identified a ring of protection from cold
    93 | D:1      | Identified a +3 leather armour
   136 | D:1      | Reached skill level 3 in Shapeshifting
   136 | D:1      | Reached XP level 2. HP: 23/23 MP: 4/4
   150 | D:1      | Identified a +0 robe
   156 | D:1      | Identified a +0 whip
   190 | D:1      | Identified a +0 dagger
   236 | D:1      | Identified a +0 whip
   376 | D:1      | Reached skill level 3 in Unarmed Combat
   467 | D:1      | Reached XP level 3. HP: 28/28 MP: 5/5
   507 | D:1      | Identified a +0 club
   520 | D:1      | Identified a +0 whip
   544 | D:1      | Identified a +0 leather armour
   851 | D:2      | Identified a +0 short sword
   894 | D:2      | Found Ohaunkag's Armour Shoppe.
   965 | D:2      | Identified a +0 club
  1052 | D:2      | Identified a +0 whip
  1082 | D:2      | Identified a +0 club
  1096 | D:2      | Identified the +1 robe "Sejic" {^Drain rF+ Stlth+ Archmagi}
  1136 | D:2      | Identified a ring of fire
  1160 | D:2      | Identified a +0 club
  1187 | D:2      | Identified a +0 leather armour
  1187 | D:2      | Identified a +0 leather armour
  1375 | D:2      | Reached XP level 4. HP: 32/36 MP: 6/6
  1404 | D:2      | Identified a +0 club
  1404 | D:2      | Identified a +0 sling
  1424 | D:2      | Reached skill level 2 in Fighting
  1464 | D:2      | Identified a +0 dagger
  1608 | D:3      | Identified a +0 club
  1610 | D:3      | Identified a ring of protection from fire
  1746 | D:3      | Identified a +0 buckler
  1762 | D:3      | Identified a +0 whip
  1763 | D:3      | Identified a +0 whip
  1763 | D:3      | Identified a +0 halberd
  1763 | D:3      | Identified a +0 ring mail
  1764 | D:3      | Identified a +0 club
  1800 | D:3      | HP: 8/36 [orc/+0 whip (4)]
  1800 | D:3      | HP: 1/36 [gnoll/+0 halberd (7)]
  1801 | D:3      | Identified a potion of enlightenment
  1801 | D:3      | Mangled by a gnoll

Table legend: (Time is in decaauts)
 A = Elapsed time spent in this place.
 B = Non-inter-level travel time spent in this place.
 C = Inter-level travel time spent in this place.
 D = Time resting spent in this place.
 E = Time spent auto-exploring this place.
 F = Levels seen in this place.
 G = Mean time per level.
                   A        B        C        D        E       F      G
               +--------+--------+--------+--------+--------+-----+--------+
         Total |   1786 |   1734 |     52 |     98 |   1091 |   3 |  595.3 |
       Dungeon |   1786 |   1734 |     52 |     98 |   1091 |   3 |  595.3 |
               +--------+--------+--------+--------+--------+-----+--------+

Top non-repeatable levels by time:
     D:1: 842 daAuts
     D:2: 736 daAuts
     D:3: 207 daAuts

Table legend:
 A = Kills in this place as a percentage of kills in the entire game.
 B = Kills by you in this place as a percentage of kills by you in the entire game.
 C = Kills by friends in this place as a percentage of kills by friends in the entire game.
 D = Other kills in this place as a percentage of other kills in the entire game.
 E = Experience gained in this place as a percentage of experience gained in the entire game.
 F = Experience gained in this place divided by the number of levels of this place that you have seen.
                   A       B       C       D       E      F
               +-------+-------+-------+-------+-------+----------------------
         Total | 100.0 | 100.0 |   N/A |   N/A | 100.0 |  54.0
       Dungeon | 100.0 | 100.0 |   N/A |   N/A | 100.0 |  54.0
               +-------+-------+-------+-------+-------+----------------------

Skill      XL: |  1  2  3  4 |
---------------+-------------+-----
Fighting       | 1 2 |  2.0
Shapeshifting  | 3 |  3.9
Unarmed Combat | 3 |  3.3
Dodging        | |  1.7

Action                     |  1- 3 |  4- 6 || total
---------------------------+-------+-------++-------
  Melee: Unarmed           |   189 |    38 ||   227
         Punch             |     2 |       ||     2
    Use: Potion            |       |     1 ||     1
   Stab: Sleeping          |     1 |       ||     1
 Armour: Animal skin       |    13 |       ||    13
         Leather armour    |   104 |    29 ||   133
  Dodge: Dodged            |   107 |    28 ||   135

Vanquished Creatures
  A gnoll (D:3)
  2 adders (D:2)
  6 dart slugs
  2 ribbon worms (D:2)
  An orc (D:2)
  6 ball pythons
  7 bats
  2 endoplasms (D:1)
  3 giant cockroaches
  6 goblins
  6 hobgoblins
  6 jackals
  7 kobolds
  2 frilled lizards
  7 rats
64 creatures vanquished.
